 Dungeon Crawl Stone Soup version 0.26.1-10-gdfb7c7de75 (webtiles) character file.

Game seed: 6875368796597238565

188719 manyhoops the Brawler (level 17, -9/152 HPs)
             Began as a Palentonga Transmuter on Apr 2, 2021.
             Was the Champion of Hepliaklqana.
             Mangled by a water elemental (12 damage)
             ... on level 1 of the Shoals on Apr 3, 2021.
             The game lasted 01:28:31 (45916 turns).

manyhoops the Brawler (Palentonga Transmuter)      Turns: 45916, Time: 01:28:33

Health: -9/152     AC: 19    Str: 26    XL:     17   Next: 48%
Magic:  28/35      EV: 19    Int: 21    God:    Hepliaklqana [******]
Gold:   2167       SH:  5    Dex: 12    Spells: 7/28 levels left

rFire    . . .     SeeInvis +     - Unarmed
rCold    + . .     Faith    .   (no shield)
rNeg     . . .     Spirit   .   D - +3 robe of Snakes and Ladders {MP+9 Int+3 Stlth+}
rPois    .         Reflect  +   L - +2 hat
rElec    +         Harm     .   M - scarf {shadows}
rCorr    .         Rampage  .   o - +2 pair of gloves
Will     +....                  (no barding)
Stlth    +++.......             J - amulet of reflection
HPRegen  0.35/turn              y - +6 ring of strength
MPRegen  0.24/turn              C - ring "Itounk" {rElec rC+ EV+4 Str+3 Stlth+}

@: engulfed (cannot breathe), mesmerised, very slightly contaminated, studying
Fighting, invisible, curled up
A: large, reduced essence, fangs 1, talons 1, rugged brown scales 3, see
invisible, clever 1, deformed body, subdued magic 1, roll 1, armoured tail,
reflexive curl
}: 1/15 runes: gossamer
a: Rolling Charge, Renounce Religion, Recall Ancestor, Ancestor Identity,
Transference, Idealise


You were on level 1 of the Shoals.
You worshipped Hepliaklqana.
Hepliaklqana was exalted by your worship.
You visited 6 branches of the dungeon, and saw 29 of its levels.
You also visited: Ossuary and Bailey.

You collected 3095 gold pieces.
You spent 928 gold pieces at shops.

Inventory:

Missiles
 O - 2 throwing nets
Armour
 o - a +2 pair of gloves (worn)
 D - the +3 robe of Snakes and Ladders (worn) {MP+9 Int+3 Stlth+}
   (You took it off an orc on level 12 of the Dungeon)

   It affects your intelligence (+3).
   It affects your magic capacity (+9).
   It makes you more stealthy.
 L - a +2 hat (worn)
 M - a scarf of shadows (worn)
 T - a +2 robe of cold resistance
 W - the +2 leather armour "Urphazoc" {rElec Stlth+}
   (You found it on level 1 of the Shoals)

   It insulates you from electricity.
   It makes you more stealthy.
Jewellery
 d - the macabre finger necklace {rN+}
   (You found it on level 2 of the Spider Nest)

   [amulet of nothing]

   It protects you from negative energy.
 y - a +6 ring of strength (left hand)
 C - the ring "Itounk" (right hand) {rElec rC+ EV+4 Str+3 Stlth+}
   (You found it on level 1 of the Shoals)

   [ring of evasion]

   It affects your evasion (+4).
   It affects your strength (+3).
   It protects you from cold.
   It insulates you from electricity.
   It makes you more stealthy.
 G - the cursed ring "Izxolic" {Will+ EV-4 Int+3 Dex+3}
   (You took it off an orc warrior on level 10 of the Dungeon)

   [ring of evasion]

   It affects your evasion (-4).
   It affects your intelligence (+3).
   It affects your dexterity (+3).
   It affects your willpower, your defense against some magical effects.
   It has a curse placed upon it.
 J - an amulet of reflection (around neck)
 R - an uncursed ring of protection from cold
 S - the ring of the Ancients {rCorr Slay+2}
   (You found it on level 2 of the Lair of Beasts)

   [ring of resist corrosion]

   It affects your accuracy and damage with ranged weapons and melee attacks
   (+2).
   It provides partial protection from all sources of acid and corrosion.
Wands
 a - a wand of iceblast (8)
 t - a wand of acid (8)
 u - a wand of digging (11)
 P - a wand of flame (76)
 V - a wand of disintegration (25)
Scrolls
 b - a scroll of noise
 g - 9 scrolls of remove curse
 h - 7 scrolls of immolation
 i - 6 scrolls of fear
 j - 3 scrolls of fog
 n - 2 scrolls of silence
 s - a scroll of enchant weapon
 v - 6 scrolls of amnesia
 w - 4 scrolls of magic mapping
 x - 2 scrolls of blinking
 B - a scroll of teleportation
 F - a scroll of vulnerability
 K - 3 scrolls of enchant armour
 U - 3 scrolls of identify
Potions
 c - 5 potions of mutation
 f - 9 potions of haste
 k - 3 potions of attraction
 l - 4 potions of curing
 m - 5 potions of brilliance
 p - 5 potions of flight
 q - 9 potions of ambrosia
 r - 3 potions of resistance
 z - a potion of invisibility
 Q - a potion of cancellation
 X - 3 potions of berserk rage
 Y - 3 potions of might
Books
 e - a manual of Fighting
Miscellaneous
 A - a box of beasts (inert)
 H - a condenser vane (inert)
 I - a lightning rod (4/4)
 N - a phantom mirror


   Skills:
 + Level 15.6 Fighting
 - Level 9.9 Dodging
 - Level 16.8 Unarmed Combat
 - Level 6.4 Spellcasting
 - Level 13.0 Transmutations
 - Level 13.5 Earth Magic


You had 7 spell levels left.
You knew the following spells:

 Your Spells              Type           Power        Failure   Level
a - Beastly Appendage     Tmut           46%          1%          1
b - Wereblood             Tmut           23%          1%          2
c - Spider Form           Tmut/Pois      6%           1%          3
d - Ice Form              Ice/Tmut       13%          4%          4
e - Blade Hands           Tmut           11%          1%          5
f - Statue Form           Tmut/Erth      16%          4%          6

Your spell library contained the following spells:

 Spells                   Type           Power        Failure   Level
 Leda's Liquefaction      Hex/Erth       6%           4%          4
 Hydra Form               Tmut           11%          5%          6
 Foxfire                  Conj/Fire      8%           8%          1
 Magic Dart               Conj           8%           8%          1
 Searing Ray              Conj           4%           12%         2
 Irradiate                Conj/Tmut      6%           16%         5
 Conjure Flame            Conj/Fire      2%           24%         3
 Dazzling Flash           Conj/Hex       4%           24%         3
 Inner Flame              Hex/Fire       2%           24%         3
 Dragon Form              Tmut           11%          32%         7
 Bolt of Magma            Conj/Fire/Erth 4%           34%         5
 Iron Shot                Conj/Erth      6%           61%         6
 Fulminant Prism          Conj/Hex       1%           63%         4
 Iskenderun's Mystic Bla  Conj/Tloc      2%           63%         4
 Sticky Flame             Conj/Fire      2%           63%         4
 Summon Lightning Spire   Summ/Air       2%           63%         4
 Fireball                 Conj/Fire      1%           93%         5
 Silence                  Hex/Air        1%           93%         5
 Conjure Ball Lightning   Conj/Air       1%           100%        6
 Shatter                  Erth           12%          100%        9
 Tornado                  Air            1%           100%        9


Dungeon Overview and Level Annotations

Branches:
Dungeon (15/15)            Temple (1/1) D:4            Lair (6/6) D:8
 Shoals (1/4) Lair:4       Spider (4/4) Lair:2        Slime (0/5) Lair:6
    Orc (2/2) D:9             Elf (0/3) Orc:2        Vaults (0/5) D:14
 Depths (0/5) D:15        Ossuary (visited)          Bailey (visited)

Altars:
Ashenzari
Cheibriados
Dithmenos
Elyvilon
Fedhas
Gozag
Hepliaklqana
Kikubaaqudgha
Makhleb
Nemelex Xobeh
Okawaru
Qazlal
Ru
Sif Muna
Trog
Uskayaw
Vehumet
Wu Jian
Xom
Yredelemnul
Zin
The Shining One
Jiyva

Shops:
D:10 }   Orc:2 *!*!

Annotations:
D:13 Rupert
D:15 3 runed translucent doors, Xiestris's ghost, journeyman DsGl
Orc:1 2 transporters, Trampli's ghost, journeyman TrFi


Innate Abilities, Weirdness & Mutations

You are completely covered in rugged brown scales. (AC +3, +7% HP)
You have supernaturally acute eyesight. (SInv)
Armour fits poorly on your strangely shaped body.
You can roll at nearby foes to attack.
You have a long armoured tail.
You curl defensively after being hit.
Your life essence is reduced to manifest your ancestor. (-10% HP)
You have very sharp teeth.
You have sharp toenails.
Your mind is acute. (Int +2)
Your spells are a little easier to cast, but a little less powerful.


Message History

You block the merfolk siren's attack.
Your larval shocksting beast barely misses the faun.
Your larval shocksting beast stings the faun.
The faun misses you.
The faun gestures at you while chanting.
You resist with some effort. The water elemental barely misses you.
You are very lightly contaminated with residual magic.
You feel better.
You feel yourself speed up.
* * * LOW HITPOINT WARNING * * *
Your lungs strain for air!
The water elemental closely misses you. x2
The merfolk siren completely misses you.
Your larval shocksting beast bursts into living lightning!
The living lightning hits the faun!
Your larval shocksting beast blinks!
You block the faun's attack.
The faun shoots a sling bullet.
The water elemental barely misses you. The water elemental closely misses you.
The merfolk siren barely misses you. The water elemental hits you!
You die...

≈≈P≈≈≈≈≈≈≈≈≈≈P
≈≈≈≈P.≈≈≈≈≈≈≈≈≈
≈≈≈PP≈..≈≈≈≈≈≈≈P
≈≈≈PP≈P≈≈P≈.≈≈≈.≈≈≈.
≈≈≈P≈≈≈≈PPP≈≈≈mc≈≈≈.
≈≈≈≈P..P≈≈≈≈EEE§....
≈≈≈≈≈≈).≈≈.((@((c..(
≈≈≈PP.[.....##......
≈≈≈≈≈≈≈..(.....###.≈≈..
≈≈≈P≈≈.......≈≈...≈≈≈≈H
≈≈≈≈≈..##.....≈≈.≈≈≈≈≈≈
≈≈≈≈...###....≈≈≈≈≈≈≈≈≈
≈≈≈≈≈≈≈...^##)..>≈≈≈≈≈≈
≈≈≈≈≈≈≈≈.≈.##....≈≈≈≈≈
≈≈≈.≈≈≈≈...≈[.≈....≈≈≈


You could see 2 fauns, 3 water elementals, a merfolk siren (mesmerising) and a
friendly larval shocksting beast (summoned).

Vanquished Creatures
  Gastronok (Orc:1)
  2 emperor scorpions (Spider:4)
  2 ghost moths (Spider:4)
  4 entropy weavers
  A spark wasp (Spider:4)
  Snorg (Lair:3)
  A fire dragon (D:15)
  A boulder beetle (D:12)
  Fannar (Lair:3)
  8 hydras
  An ice dragon (D:14)
  2 vault guards (D:14)
  3 catoblepae
  A death knight (D:13)
  6 ogre magi
  A merfolk aquamancer (Shoals:1)
  2 centaur warriors
  21 two-headed ogres
  A deep troll shaman (Lair:6)
  10 death yaks
  A queen ant (Spider:4)
  A tengu warrior (D:14)
  Sonja (D:13)
  Urug (Lair:3)
  Nergalle (Orc:1)
  A fire crab (Lair:5)
  A flayed ghost (D:15)
  An unseen horror (D:13)
  A sea snake (Shoals:1)
  A wizard (D:15)
  2 orc knights
  A necromancer (D:14)
  2 deep elf magi
  9 orb spiders
  7 cyclopes
  23 wolf spiders
  5 manticores
  A faun (Shoals:1)
  A fire giant zombie (D:15)
  An orc sorcerer (Orc:1)
  A frost giant zombie (D:15)
  2 moths of wrath
  A merfolk siren (Shoals:1)
  10 elephants
  2 torpor snails
  4 black mambas
  4 gargoyles
  12 cane toads
  14 komodo dragons
  7 demonic crawlers
  4 rime drakes
  An efreet (D:14)
  3 freezing wraiths
  2 guardian mummies (D:15)
  8 trolls
  A merfolk (Shoals:1)
  14 jumping spiders
  2 polar bears
  3 hornets
  23 blink frogs
  An ice dragon zombie (D:15)
  2 snapping turtles (Shoals:1)
  A dream sheep (Lair:3)
  41 redbacks
  5 wyverns
  4 shadows
  An ettin zombie (D:15)
  17 tarantellas
  3 water elementals
  75 yaks
  3 wraiths
  9 humans (D:14)
  2 basilisks
  2 hogs (D:15)
  6 vampire mosquitoes
  A warg (shapeshifter) (D:14)
  24 soldier ants
  A warg (Orc:2)
  4 acid dragons
  16 water moccasins
  2 hornet zombies
  31 orc warriors
  5 sky beasts
  6 ice beasts
  5 necrophages
  36 ogres
  5 black bears
  7 phantoms
  4 eyes of draining
  18 wolves
  7 centaurs
  Blork the orc (D:6)
  2 big kobolds (D:13)
  A gnoll sergeant (D:12)
  13 bullfrogs
  A wyvern skeleton (D:15)
  5 scorpions
  4 jellies
  20 killer bees
  14 wights
  A howler monkey (D:7)
  2 electric eels
  2 bullfrog zombies
  8 centaur zombies
  9 hounds
  15 orc priests
  4 centaur skeletons
  21 orc wizards
  Natasha (thrice) (D:2)
  An iguana (D:8)
  17 worker ants
  7 ogre zombies
  A hound skeleton (D:10)
  10 mummies
  2 worker ant zombies
  9 gnolls
  9 adders
  A shadow imp (D:10)
  6 white imps
  An ufetubus (D:10)
  2 oozes (D:2)
  5 adder zombies (Ossuary)
  2 adder skeletons
  4 worms
  2 dart slugs (D:3)
  4 leopard geckos
  111 orcs
  4 ball pythons
  3 bats
  3 giant cockroaches (D:3)
  2 goblins
  5 hobgoblins
  4 jackals
  9 quokkas
  6 frilled lizards
  3 goblin skeletons
  6 goblin zombies
  2 hobgoblin skeletons (D:9)
  11 hobgoblin zombies
  17 kobolds
  2 kobold skeletons (D:8)
  5 kobold zombies
  An orc skeleton (D:9)
  11 orc zombies
  4 quokka zombies
  5 rats
  4 rat zombies (Ossuary)
1021 creatures vanquished.

Vanquished Creatures (collateral kills)
  Kirke (D:15)
  A ghost moth (Spider:4)
  An entropy weaver (Spider:3)
  An ettin (Orc:2)
  A merfolk javelineer (Shoals:1)
  A merfolk impaler (Shoals:1)
  A hydra (D:15)
  A boulder beetle (D:12)
  A catoblepas (Lair:6)
  A two-headed ogre (Orc:2)
  An ogre mage (D:14)
  A death yak (Lair:6)
  2 sea snakes (Shoals:1)
  3 orb spiders
  3 wolf spiders
  A faun (Shoals:1)
  3 cane toads
  A centaur skeleton (D:15)
  A demonic crawler (Spider:3)
  A komodo dragon (Lair:6)
  3 jumping spiders (Spider:4)
  A merfolk (Shoals:1)
  A hornet (Spider:4)
  3 blink frogs
  4 tarantellas
  A shadow (D:14)
  12 redbacks
  A wraith (D:14)
  8 yaks
  A hog (D:15)
  2 vampire mosquitoes (D:14)
  A warg (Orc:2)
  5 soldier ants
  A water moccasin (Lair:6)
  7 orc warriors
  An ice beast (D:13)
  A black bear (D:10)
  3 ogres
  A centaur (D:14)
  4 wolves
  A bullfrog (D:12)
  A killer bee (D:12)
  2 electric eels
  2 orc priests
  8 orc wizards
  2 worker ants (Spider:4)
  12 orcs
116 creatures vanquished.

Vanquished Creatures (others)
  A redback (Spider:2)
  A human (D:14)
  19 battlemagi
  An ancestor (D:10)
  A bush (Lair:1)
  50 fungi
  113 plants
  11 withered plants
197 creatures vanquished.

Grand Total: 1334 creatures vanquished

Notes
Turn   | Place    | Note
-------+----------+-------------------------------------------
     0 | D:1      | manyhoops the Palentonga Transmuter began the quest for the
                  | Orb.
     0 | D:1      | Reached XP level 1. HP: 17/17 MP: 3/3
    52 | D:1      | Reached XP level 2. HP: 2/24 MP: 0/5
   981 | D:1      | Reached skill level 4 in Unarmed Combat
  1567 | D:2      | Reached XP level 3. HP: 18/29 MP: 4/6
  1715 | D:2      | Learned a level 2 spell: Wereblood
  2288 | D:2      | Reached XP level 4. HP: 22/38 MP: 5/7
  2458 | D:2      | Noticed Natasha
  2470 | D:2      | Killed Natasha
  2471 | D:2      | Reached skill level 5 in Unarmed Combat
  2891 | D:2      | Noticed Natasha
  2897 | D:2      | Killed Natasha
  3092 | D:2      | Noticed Natasha
  3106 | D:2      | Killed Natasha
  3107 | D:2      | Reached XP level 5. HP: 30/43 MP: 6/8
  3263 | D:3      | Found a bloodstained altar of Trog.
  3266 | D:3      | Found an ornate altar of the Wu Jian Council.
  3348 | D:3      | Found a shadowy altar of Dithmenos.
  3379 | D:3      | Reached skill level 6 in Unarmed Combat
  4089 | D:4      | Reached XP level 6. HP: 48/53 MP: 5/9
  4170 | D:4      | Found a shimmering blue altar of Sif Muna.
  4583 | D:4      | Reached skill level 7 in Unarmed Combat
  4691 | D:4      | Found a staircase to the Ecumenical Temple.
  4711 | Temple   | Entered the Ecumenical Temple
  5090 | D:4      | Gained mutation: You curl defensively after being hit.
                  | [Palentonga growth]
  5090 | D:4      | Reached XP level 7. HP: 55/60 MP: 10/10
  5335 | D:4      | Gained mutation: Your mind is acute. (Int +2) [potion of
                  | mutation]
  5335 | D:4      | Gained mutation: You have sharp toenails. [potion of
                  | mutation]
  5335 | D:4      | Gained mutation: Your spells are a little easier to cast,
                  | but a little less powerful. [potion of mutation]
  5335 | D:4      | Gained mutation: You have very sharp teeth. [potion of
                  | mutation]
  5348 | D:5      | Entered Level 5 of the Dungeon
  5432 | D:5      | Found a burning altar of Makhleb.
  6072 | D:5      | Got an iridescent mace
  6073 | D:5      | Identified the +1 mace of Hywk {drain, Str+3} (You found it
                  | on level 5 of the Dungeon)
  6133 | D:5      | Reached skill level 8 in Unarmed Combat
  6835 | D:5      | Found an iron altar of Okawaru.
  6976 | D:6      | Found a hide-covered altar of Uskayaw.
  7385 | D:6      | Noticed Blork the orc
  7397 | D:6      | Killed Blork the orc
  7398 | D:6      | Reached XP level 8. HP: 64/70 MP: 11/11
  7893 | D:6      | Got a fabulously ornate robe
  7904 | D:6      | Identified the +3 robe of Repulsion {rC- Will+ Regen+
                  | Stlth+} (You found it on level 6 of the Dungeon)
  8106 | D:7      | Learned a level 3 spell: Spider Form
  8161 | D:7      | Reached skill level 5 in Transmutations
  8292 | D:7      | Found a sand-covered staircase.
  8307 | Ossuary  | Entered an ossuary
  8975 | D:7      | Found a sparkling altar of Nemelex Xobeh.
  9151 | D:8      | Reached XP level 9. HP: 75/75 MP: 12/14
  9157 | D:8      | Found a glowing golden altar of the Shining One.
  9269 | D:8      | Found a snail-covered altar of Cheibriados.
  9580 | D:8      | Noticed a two-headed ogre
  9963 | D:8      | Killed a two-headed ogre
  9964 | D:8      | Reached skill level 10 in Transmutations
  9973 | D:8      | Learned a level 4 spell: Ice Form
  9979 | D:8      | Learned a level 5 spell: Blade Hands
  9986 | D:8      | Found a basalt altar of Yredelemnul.
 10111 | D:8      | Found a staircase to the Lair.
 10177 | D:9      | Found a white marble altar of Elyvilon.
 10321 | D:9      | Found an ancient bone altar of Kikubaaqudgha.
 10406 | D:9      | Reached skill level 5 in Fighting
 10510 | D:9      | Noticed a two-headed ogre
 10518 | D:9      | Reached XP level 10. HP: 55/88 MP: 11/16
 10613 | D:9      | Found a blossoming altar of Fedhas.
 10680 | D:9      | Found a staircase to the Orcish Mines.
 10700 | D:10     | Entered Level 10 of the Dungeon
 10808 | D:10     | Found Ifoeh's Gadget Emporium.
 11355 | D:9      | Killed a two-headed ogre
 11409 | D:9      | Found a hazy altar of Hepliaklqana.
 11464 | D:9      | Became a worshipper of Hepliaklqana the Forgotten
 12066 | D:9      | Reached skill level 9 in Unarmed Combat
 12902 | D:10     | Identified the cursed ring "Izxolic" {Will+ EV-4 Int+3
                  | Dex+3}
 12911 | D:10     | Reached XP level 11. HP: 94/94 MP: 11/17
 13068 | D:10     | Reached * piety under Hepliaklqana
 13430 | D:10     | Noticed a two-headed ogre
 13456 | D:10     | Reached skill level 10 in Unarmed Combat
 13473 | D:10     | Killed a two-headed ogre
 13551 | D:10     | Noticed a two-headed ogre
 13556 | D:10     | Killed a two-headed ogre
 13758 | D:10     | Reached skill level 11 in Unarmed Combat
 14448 | D:11     | Noticed a two-headed ogre
 14452 | D:11     | Killed a two-headed ogre
 14453 | D:11     | Reached skill level 12 in Unarmed Combat
 14540 | D:11     | Found a hide-covered altar of Uskayaw.
 15088 | D:11     | Reached ** piety under Hepliaklqana
 15198 | D:11     | Remembered your ancestor Merenptah as a battlemage
 15396 | Lair:1   | Entered Level 1 of the Lair of Beasts
 15531 | Lair:1   | Noticed a seven-headed hydra
 15586 | Lair:1   | Reached XP level 12. HP: 102/102 MP: 12/18
 15586 | Lair:1   | Noticed a five-headed hydra
 15592 | Lair:1   | Killed a five-headed hydra
 15680 | Lair:1   | Reached skill level 5 in Dodging
 16005 | Lair:1   | Killed a seven-headed hydra
 16872 | Lair:2   | Found a hole to the Spider Nest.
 16952 | Lair:2   | Got a transparent lapis lazuli ring
 17463 | Lair:2   | Identified the ring of the Ancients {rCorr Slay+2} (You
                  | found it on level 2 of the Lair of Beasts)
 17465 | Lair:3   | Reached *** piety under Hepliaklqana
 17711 | Lair:3   | Noticed Fannar
 17726 | Lair:3   | Killed Fannar
 17805 | Lair:3   | Noticed a four-headed hydra
 17810 | Lair:3   | Noticed Snorg
 17816 | Lair:3   | Killed a four-headed hydra
 18247 | Lair:3   | Noticed Urug
 18253 | Lair:3   | Killed Urug
 18361 | Lair:3   | Killed Snorg
 18362 | Lair:3   | Reached XP level 13. HP: 61/109 MP: 13/19
 18643 | Lair:3   | Reached skill level 10 in Fighting
 18650 | Lair:3   | Reached skill level 13 in Unarmed Combat
 20056 | Lair:4   | Found a staircase to the Shoals.
 20126 | Lair:4   | Reached **** piety under Hepliaklqana
 20492 | Lair:4   | Reached skill level 14 in Unarmed Combat
 21752 | Lair:5   | Reached skill level 15 in Unarmed Combat
 21922 | Lair:5   | Reached ***** piety under Hepliaklqana
 22330 | Lair:6   | Entered Level 6 of the Lair of Beasts
 22330 | Lair:6   | Found a staircase to the Slime Pits.
 22330 | Lair:6   | Found a viscous altar of Jiyva.
 22341 | Lair:6   | Reached XP level 14. HP: 75/120 MP: 15/20
 23179 | Lair:6   | Reached skill level 16 in Unarmed Combat
 24072 | Lair:6   | Learned a level 6 spell: Statue Form
 24565 | D:12     | Reached skill level 1 in Earth Magic
 24733 | D:12     | Identified the +3 robe of Snakes and Ladders {MP+9 Int+3
                  | Stlth+}
 26115 | D:13     | Noticed Sonja
 26119 | D:13     | Killed Sonja
 26374 | D:13     | Noticed Rupert
 26521 | Orc:1    | Entered Level 1 of the Orcish Mines
 26521 | Orc:1    | Noticed Gastronok
 26525 | Orc:1    | Killed Gastronok
 26526 | Orc:1    | Reached XP level 15. HP: 128/128 MP: 21/21
 26577 | Orc:1    | Found a transporter.
 26823 | Orc:1    | Noticed Trampli's ghost (journeyman TrFi)
 26824 | Orc:1    | Found a transporter.
 26830 | Orc:1    | Identified the cursed +1 great mace of Ubiushud {freeze,
                  | +Inv Dex+2}
 26864 | Orc:2    | Entered Level 2 of the Orcish Mines
 26958 | Orc:2    | Reached skill level 5 in Earth Magic
 27456 | Orc:2    | Found a staircase to the Elven Halls.
 28433 | Orc:2    | Found Yredd's Distillery.
 28433 | Orc:2    | Found Keloreca's Distillery.
 28433 | Orc:2    | Found Casony's General Store.
 28433 | Orc:2    | Found Axtoxo Yfey's General Store.
 29109 | Orc:1    | Noticed Nergalle
 29116 | Orc:1    | Killed Nergalle
 29374 | Orc:2    | Bought a potion of curing for 51 gold pieces
 29374 | Orc:2    | Bought a potion of curing for 51 gold pieces
 29374 | Orc:2    | Bought a potion of heal wounds for 85 gold pieces
 29374 | Orc:2    | Bought a potion of berserk rage for 85 gold pieces
 29374 | Orc:2    | Bought a potion of might for 68 gold pieces
 29375 | Orc:2    | Bought a potion of haste for 140 gold pieces
 29375 | Orc:2    | Bought a potion of resistance for 140 gold pieces
 29375 | Orc:2    | Bought a potion of heal wounds for 70 gold pieces
 29375 | Orc:2    | Bought a potion of might for 56 gold pieces
 29375 | Orc:2    | Bought a potion of curing for 42 gold pieces
 29375 | Orc:2    | Bought a potion of haste for 140 gold pieces
 29621 | D:13     | Reached skill level 5 in Spellcasting
 30259 | D:13     | Got a slimy quarterstaff
 30260 | D:13     | Identified the +5 quarterstaff of a ziggurat {spect, rC+}
                  | (You found it on level 13 of the Dungeon)
 30431 | D:13     | Paralysed by Rupert for 6 turns
 30875 | D:14     | Found a flagged portal.
 30886 | Bailey   | Entered a bailey
 31078 | Bailey   | Reached ****** piety under Hepliaklqana
 33814 | D:14     | Reached skill level 10 in Earth Magic
 33842 | D:14     | Found a gate to the Vaults.
 34319 | D:15     | Entered Level 15 of the Dungeon
 35245 | D:15     | Reached XP level 16. HP: 129/134 MP: 25/25
 36065 | D:15     | Found a staircase to the Depths.
 36452 | D:15     | Noticed Kirke
 36457 | D:15     | Killed Kirke
 36667 | D:15     | Found a runed translucent gate.
 36667 | D:15     | Found a runed translucent gate.
 36667 | D:15     | Found a runed translucent gate.
 36669 | D:15     | Noticed Xiestris's ghost (journeyman DsGl)
 37150 | Spider:1 | Entered Level 1 of the Spider Nest
 37158 | Spider:1 | You fall into a shaft and drop 1 floor!
 38243 | Spider:2 | Found the macabre finger necklace {rN+}
 40825 | Spider:4 | Entered Level 4 of the Spider Nest
 41072 | Spider:4 | Identified the +8 rapier of Resourcefulness {holy, +Rage
                  | MP+9 Dex+2} (You found it on level 4 of the Spider Nest)
 41940 | Spider:4 | Reached XP level 17. HP: 141/141 MP: 26/26
 44158 | Spider:4 | Paralysed by a hornet for 1 turns
 44549 | Spider:4 | Got a gossamer rune of Zot
 44865 | Shoals:1 | Entered Level 1 of the Shoals
 44983 | Shoals:1 | Reached skill level 15 in Fighting
 45623 | Shoals:1 | Got a scorched glass ring
 45879 | Shoals:1 | Got an amethyst-encrusted leather armour
 45882 | Shoals:1 | Identified the +2 leather armour "Urphazoc" {rElec Stlth+}
                  | (You found it on level 1 of the Shoals)
 45883 | Shoals:1 | Identified the ring "Itounk" {rElec rC+ EV+4 Str+3 Stlth+}
                  | (You found it on level 1 of the Shoals)
 45916 | Shoals:1 | HP: 2/152 [drowned by a water elemental (13)]
 45916 | Shoals:1 | Mangled by a water elemental

Illustrated notes

Levels and vault maps discovered:
D:1:      onia_arrival_mini_maze_b, layout_basic
D:2:      layout_basic, uniq_natasha
D:3:      layout_basic, lemuel_doored_altar, nicolae_overflow_hidden_temple
D:4:      layout_basic, old_standard_altar, minmay_temple_entry_gardened_gates,
          kennysheep_generic_room_4
D:5:      minmay_general_purpose_star, layout_loops_corners,
          lemuel_coloured_pillars_altar, kennysheep_little_box,
          minmay_a_box_with_orc_wizards_in_it
D:6:      layout_basic, nicolae_overflow_crystal_walls, uniq_blork_the_orc
D:7:      layout_cave_pools, kennysheep_mini_moat, enter_ossuary_5,
          grunt_ministairs_8, hangedman_decor_diamond_cutter, minmay_between
D:8:      layout_basic, nicolae_tso_besieged_by_evil, marbit_many_paths,
          overflow_temple_1_default, lair_entry_dummy
D:9:      layout_loops_corners, kiku_gazebo_garden_becter,
          nzn_hepliaklqana_mist_gate, zombieorc1_lemuel, basic_altar,
          serial_undead, serial_undead_b, serial_undead_c, serial_undead_e,
          serial_undead_f, serial_undead_c, serial_undead_a, serial_undead_a,
          serial_undead_e, fedhas_altar_2
D:10:     kennysheep_windowed_halls, layout_long_grid, serial_shops, shop,
          minmay_radiant
D:11:     layout_roguey [special_room_orc], basic_altar,
          kennysheep_generic_room_16
D:12:     layout_small_grid, serial_bayou_pond_b, hangedman_pestilent_swarm
D:13:     layout_loops_cross, hex_large, uniq_sonja, uniq_rupert
D:14:     minmay_the_grid_four_pointed_star_mashed
          [minmay_the_grid_triangle_9x9_swiss_cheese,
          minmay_the_grid_triangle_9x9_impossible_snake,
          minmay_the_grid_triangle_9x9_alien,
          minmay_the_grid_triangle_9x9_wacky_v, minmay_the_grid_prize_big_room],
          layout_rooms, ximxim_vaults_locker_room, serial_park_tiny_2,
          enter_bailey_2
D:15:     gammafunk_depths_entry_grave, layout_basic,
          gammafunk_ghost_hydra_chop, uniq_kirke
Temple:   jpeg_temple_island
Lair:1:   layout_roguey, grunt_megastairs_3, infiniplex_staircase_pool_2
Lair:2:   layout_hall_layers, spider_nest_entry_web_field,
          infiniplex_staircase_pool, serial_bayou_shore_b, lemuel_fruit_fields,
          serial_bayou_shore_b
Lair:3:   nzn_winding_woodlands_medium [nzn_winding_woodlands_5x5_three,
          nzn_winding_woodlands_5x15_pockets,
          nzn_winding_woodlands_5x5_open_star,
          nzn_winding_woodlands_5x5_closed_star,
          nzn_winding_woodlands_center_garden,
          nzn_winding_woodlands_5x5_perimeter,
          nzn_winding_woodlands_5x5_default,
          nzn_winding_woodlands_5x15_pathside_ponds,
          nzn_winding_woodlands_5x5_checkerboard], layout_cave_pods,
          st_stairs_7, uniq_fannar, uniq_urug, uniq_snorg
Lair:4:   layout_regular_city, elwin_shoals_entry_rocks,
          nicolae_quartered_pool_medium
Lair:5:   nzn_motion_control, layout_long_grid, lemuel_fruit_fields,
          serial_bayou_shore_b, grunt_megastairs_5
Lair:6:   grunt_lair_end_beastmaster, layout_cellular_growth, slime_altar_1,
          st_stairs_13, serial_bayou_shore_a
Shoals:1: layout_shoals, minmay_shop_mayhem
Spider:1: layout_spider_delve
Spider:2: layout_spider_delve
Spider:3: layout_spider_delve, drop_trap
Spider:4: grunt_spider_rune_parallel, zaba_antful_of_joy
Orc:1:    layout_caves, gammafunk_ghost_smash, uniq_gastronok, uniq_nergalle
Orc:2:    st_orc_ogre_mass, layout_caves

Skill      XL: |  1  2  3  4  5  6  7  8  9 10 11 12 13 14 15 16 17 |
---------------+----------------------------------------------------+-----
Unarmed Combat | 4 5 6 7 8 9 12 15 16 | 16.8
Fighting       | 2 3 5 9 11 12 15 | 15.6
Transmutations | 3 7 10 11 12 13 | 13.0
Spellcasting   | 3 4 6 |  6.4
Dodging        | 3 9 |  9.9
Earth Magic    | 4 10 13 | 13.5

Action                   |  1- 3 |  4- 6 |  7- 9 | 10-12 | 13-15 | 16-18 || total
-------------------------+-------+-------+-------+-------+-------+-------++-------
Melee: Unarmed           |    85 |   162 |   356 |   495 |   871 |   444 ||  2413
       Kick              |     8 |    17 |   101 |   108 |   238 |   121 ||   593
       Tailslap          |     7 |    23 |    48 |    48 |   115 |    59 ||   300
       Headbutt          |     7 |     8 |    19 |       |       |       ||    34
       Punch             |     1 |     3 |    11 |    22 |    48 |    29 ||   114
       Bite              |       |       |    27 |    44 |    95 |    38 ||   204
 Cast: Beastly Appendage |    11 |    12 |    11 |     1 |       |       ||    35
       Wereblood         |     1 |     5 |     7 |    19 |    12 |     2 ||    46
       Blade Hands       |       |       |     2 |    46 |    97 |     5 ||   150
       Ice Form          |       |       |       |     4 |     4 |       ||     8
       Statue Form       |       |       |       |       |     1 |    43 ||    44
       Spider Form       |       |       |       |       |       |     1 ||     1
Invok: Recall Ancestor   |       |       |       |     1 |     4 |     2 ||     7
       Ancestor Life: Ba |       |       |       |     1 |       |       ||     1
 Abil: Rolling Charge    |     2 |     3 |    20 |    13 |    33 |    21 ||    92
       End Transformatio |       |       |       |     1 |       |     1 ||     2
Evoke: Wand              |       |       |     3 |     6 |     2 |     1 ||    12
       Box of beasts     |       |       |       |       |       |     1 ||     1
       Condenser vane    |       |       |       |       |       |     1 ||     1
  Use: Scroll            |       |     6 |    16 |     8 |    16 |    12 ||    58
       Potion            |       |       |     3 |     3 |    12 |     7 ||    25
 Stab: Sleeping          |       |       |    14 |     2 |     5 |     1 ||    22
       Distracted        |       |       |       |     3 |     6 |     6 ||    15
       Held in net/web   |       |       |       |       |       |     1 ||     1
Armor: Robe              |    34 |    48 |   101 |   115 |   109 |    41 ||   448
       Skin              |       |       |       |     5 |     6 |   306 ||   317
Dodge: Dodged            |    40 |    74 |   135 |   245 |   497 |   419 ||  1410
Block: Other             |       |       |       |     6 |   167 |   152 ||   325
       Reflection        |       |       |       |       |    15 |     2 ||    17
